 Dungeon Crawl Stone Soup version 0.17-a0-1519-g2001520 (console) character file.

83 Monkaria the Slasher (level 4, -1/40 HPs)
             Began as a Minotaur Skald on July 13, 2015.
             Slain by an adder (2 damage)
             ... on level 3 of the Dungeon.
             The game lasted 00:03:08 (2051 turns).

Monkaria the Slasher (Minotaur Skald)               Turns: 2051, Time: 00:03:09

Health: -1/40      AC:  3    Str: 18    XL:     4   Next: 22%
Magic:  5/5        EV: 11    Int:  9    God:
Gold:   138        SH:  0    Dex:  9    Spells: 1 memorised, 4 levels left

rFire  . . .     SeeInvis .     a - +0 falchion
rCold  . . .     Clarity  .     b - +0 leather armour
rNeg   . . .     SustAt   .     (no shield)
rPois  .         Gourm    .     (helmet restricted)
rElec  .         Spirit   .     (no cloak)
rCorr  .         Warding  .     (no gloves)
rMut   .         Stasis   .     (no boots)
MR     .....                    (no amulet)
Stlth  +.........               (no ring)
                                (no ring)

@: lethally poisoned (-1 -> -4), not resistant to hostile enchantments, very
unstealthy
A: retaliatory headbutt, horns 2
a: no special abilities


You were on level 3 of the Dungeon.
You were not hungry.

You visited 1 branch of the dungeon, and saw 3 of its levels.

You collected 138 gold pieces.

Inventory:

Hand weapons
 a - a +0 falchion (weapon)
Missiles
 q - 10 poisoned needles
Armour
 b - a +0 leather armour (worn)
Jewellery
 o - a cursed ring of positive energy {unknown}
 p - an uncursed amulet of regeneration
Magical devices
 m - a wand of frost (21)
Scrolls
 f - 3 scrolls of identify {unknown}
 i - a scroll of remove curse {unknown}
 k - a scroll of fear {unknown}
Potions
 e - a potion of flight {unknown}
 g - a potion of invisibility {unknown}
 h - 2 potions of heal wounds {unknown}
 j - a potion of degeneration {unknown}
 l - a potion of beneficial mutation {unknown}
Books
 c - a book of Battle

   Spells                             Type                      Level
   a - Infusion                       Charms                       1
   b - Shroud of Golubria             Charms/Translocation         2
   c - Song of Slaying                Charms                       2
   d - Spectral Weapon                Hexes/Charms                 3
   e - Regeneration                   Charms/Necromancy            3
Comestibles
 d - 2 bread rations
 n - 5 fruits


   Skills:
 - Level 4.1 Fighting
 + Level 4.3 Long Blades
 - Level 1.2 Armour
 - Level 1.1 Dodging
 - Level 1.3 Spellcasting
 - Level 2.0 Charms


You had 4 spell levels left.
You knew the following spells:

 Your Spells              Type           Power        Failure   Level  Hunger
a - Infusion              Chrm           #.....       21%         1    ##.....


Dungeon Overview and Level Annotations

Branches:
Dungeon (3/15)

Altars:
Xom

Annotations:
D:3 Monkaria's ghost, weakling MiSk


Innate Abilities, Weirdness & Mutations

You reflexively headbutt those who attack you in melee.
You have a pair of horns on your head.


Message History

You hit the adder.
The adder is lightly wounded.
The adder bites you but does no damage. The hobgoblin barely misses you.
You furiously retaliate!
You headbutt the hobgoblin!
You kill the hobgoblin!
The adder closely misses you. You furiously retaliate!
You headbutt the adder! Monkaria's ghost hits you. The adder barely misses you.
Monkaria's ghost hits you!
* * * LOW HITPOINT WARNING * * *
Things that are here:
a club; a hobgoblin corpse The adder closely misses you.
You see here a small silver ring.
o - a small silver ring The adder bites you.
* * * LOW HITPOINT WARNING * * *
You are lethally poisoned!
The adder poisons you! Monkaria's ghost completely misses you.
You furiously retaliate!
You headbutt Monkaria's ghost! The adder bites you.
You die...

#....##...
#...$....
#.....#.###
#.....#... #
#.......# .#
#.......##.##
#......>..=..
#.S@...#
#.)W##'#+######
#...#.W.......#
##...#.........#
#....#...(.....#
#...<...(......#
#.(.##(........#
###..............
#######........#


You could see Monkaria's ghost and an adder.

Vanquished Creatures
  3 adders (D:2)
  3 giant geckos
  A giant cockroach (D:1)
  7 hobgoblins
  7 jackals (D:1)
  7 kobolds
  A quokka (D:2)
  6 bats
  2 giant newts (D:1)
  5 goblins
  6 rats
48 creatures vanquished.

Notes
Turn   | Place    | Note
--------------------------------------------------------------
     0 | D:1      | Monkaria the Minotaur Skald began the quest for the Orb.
     0 | D:1      | Reached XP level 1. HP: 18/18 MP: 1/1
    73 | D:1      | Reached skill level 3 in Fighting
   457 | D:1      | Reached XP level 2. HP: 26/26 MP: 3/3
   599 | D:1      | Reached skill level 4 in Fighting
   793 | D:1      | Reached XP level 3. HP: 33/33 MP: 4/4
  1654 | D:2      | Found a shimmering altar of Xom.
  1779 | D:2      | Reached XP level 4. HP: 37/40 MP: 5/5
  2035 | D:3      | Noticed Monkaria's ghost (weakling MiSk)
  2051 | D:3      | HP: 1/40 [adder (5)]
  2051 | D:3      | Slain by an adder

Vault maps used:
D:1:      elethiomel_arrival_shortcut
D:2:      lemuel_round_altar, first_bread
D:3:      nicolae_gozag_seed_capital

Action                   |  1- 3 |  4- 6 || total
-------------------------+-------+-------++-------
Melee: Falchion          |   116 |     9 ||   125
 Cast: Infusion          |     3 |       ||     3
  Eat: Chunk             |     3 |     1 ||     4
